 Dungeon Crawl Stone Soup version 0.27.0-1-g7a089689b8 (webtiles) character file.

Game seed: 6186095999676289732

178 ZARRMARR the Cutter (level 5, -3/33 HPs)
             Began as a Kobold Monk on Aug 14, 2021.
             Killed from afar by an orc wizard (10 damage)
             ... with a puff of flame
             ... on level 3 of the Dungeon.
             The game lasted 00:10:46 (4582 turns).

ZARRMARR the Cutter (Kobold Monk)                   Turns: 4582, Time: 00:10:46

Health: -3/33      AC:  2    Str:  8    XL:     5   Next: 89%
Magic:  5/5        EV: 17    Int: 12    God:
Gold:   126        SH:  0    Dex: 18    Spells: 4/4 levels left

rFire    . . .     SeeInvis .   a - +0 short sword
rCold    . . .     Faith    .   (shield restricted)
rNeg     . . .     Spirit   .   b - +0 robe
rPois    +         Reflect  .   (no helmet)
rElec    .         Harm     .   (no cloak)
rCorr    +         Rampage  .   (no gloves)
Will     .....                  (no boots)
Stlth    ++++......             (no amulet)
HPRegen  0.11/turn              h - ring of resist corrosion
MPRegen  0.09/turn              g - ring of poison resistance

@: no status effects
A: small, no large weapons, nightstalker 3
a: no special abilities


You were on level 3 of the Dungeon.
You visited 1 branch of the dungeon, and saw 3 of its levels.

You collected 126 gold pieces.

Inventory:

Hand Weapons
 a - a +0 short sword (weapon)
 e - a +2 vorpal spear
 j - a +2 mace of holy wrath
Missiles
 c - 46 stones
 f - 17 poisoned darts (quivered)
Armour
 b - a +0 robe (worn)
Magical Staves
 d - a staff of conjuration
Jewellery
 g - a ring of poison resistance (right hand)
 h - a ring of resist corrosion (left hand)


   Skills:
 + Level 3.8 Fighting
 + Level 5.6 Short Blades
 + Level 0.7 Throwing
 + Level 4.7 Dodging
 + Level 4.8 Stealth


You had 4 spell levels left.
You didn't know any spells.
Your spell library was empty.

Dungeon Overview and Level Annotations

Branches:
Dungeon (3/15)

Altars:
The Shining One


Innate Abilities, Weirdness & Mutations

You are small and have problems with some larger weapons.
You are completely attuned to the shadows.


Message History

You are confused.
The orc wizard mumbles some strange words.
The orc wizard flickers and vanishes!
Deactivating autopickup; reactivate with Ctrl-A.
You bump into the rock wall.
You're too confused to move!
You bump into the rock wall.
Something closely misses you.
You bump into the rock wall.
You hear some strange, mumbled words.
Something tries to affect you, but you resist.
You feel less confused.
You hit something but do no damage.
You hear some strange, mumbled words.
A magic dart appears from out of thin air!
The magic dart hits you!
You hit something. Something hits you.
You hit something but do no damage. Something hits you.
You hit something but do no damage. Something closely misses you.
You miss something. Something hits you but does no damage.
You barely miss something. You miss something.
You hear some strange, mumbled words.
Something tries to affect you, but you resist.
You closely miss something. Something hits you.
You miss something. Something hits you.
You hit something.
You hear some strange, mumbled words.
A puff of flame appears from out of thin air!
The puff of flame hits you!
* * * LOW HITPOINT WARNING * * *
You miss something. Something closely misses you.
You closely miss something. You hit something.
Something hits you but does no damage.
You miss something. Something hits you.
* * * LOW HITPOINT WARNING * * *
You hit something.
You hear some strange, mumbled words.
A puff of flame appears from out of thin air!
The puff of flame hits you!
You die...

...........# #.#..#.
....)....#.########....#.
##########................#.#.##.
....................#####.#......
........................#.###.###
........................#.# #.#
##########.#............#.# #.#
#.#..#########...# #.#
#.#..){@...# #...# #.#
#.#..#####.# #...###.# #.#..# #.#
#...#...# #.#..# #.# #...#.###
#.#..# #.# #)..#.# #.#..#
#.###...#.# #.#..# #.......#.#
#.#### #..#....#.# #.#
#.......#.#


There were no monsters in sight!

Vanquished Creatures
  Jessica (D:2)
  An orc wizard (D:3)
  4 adders
  A worm (D:2)
  4 dart slugs
  7 orcs
  7 endoplasms
  2 giant cockroaches
  8 goblins
  7 hobgoblins
  7 jackals
  5 kobolds
  A quokka (D:2)
  3 ball pythons
  5 bats
  2 frilled lizards
  4 rats
69 creatures vanquished.

Notes
Turn   | Place    | Note
-------+----------+-------------------------------------------
     0 | D:1      | ZARRMARR the Kobold Monk began the quest for the Orb.
     0 | D:1      | Reached XP level 1. HP: 14/14 MP: 1/1
   163 | D:1      | Reached XP level 2. HP: 19/19 MP: 2/2
   734 | D:1      | Found a faded altar of an unknown god.
   860 | D:1      | Reached XP level 3. HP: 21/23 MP: 3/3
  1548 | D:2      | Noticed Jessica
  1552 | D:2      | Killed Jessica
  1553 | D:2      | Reached XP level 4. HP: 28/28 MP: 4/4
  1709 | D:2      | HP: 1/42 [adder (3)]
  1712 | D:2      | Reached skill level 5 in Short Blades
  2187 | D:2      | Found a glowing golden altar of the Shining One.
  2255 | D:2      | Reached XP level 5. HP: 23/33 MP: 5/5
  4582 | D:3      | Killed from afar by an orc wizard

Illustrated notes

Levels and vault maps discovered:
D:1:      ncdulo_wetmaze, layout_loops_ring, hellmonk_ecumenical_altar_blasted,
          nrook_uturn, minmay_misc_feat_hallway, chequers_serial_rivers_micro_c,
          minmay_strange_pillars, minmay_misc_feat_rugged
D:2:      layout_basic, basic_altar, serial_forest, infiniplex_forest_zigzag_1,
          infiniplex_forest_fountain, infiniplex_forest_lined_2,
          infiniplex_forest_lined_room_3, minmay_misc_feat_doors, uniq_jessica
D:3:      layout_basic, nicolae_overflow_hidden_temple

Skill      XL: |  1  2  3  4 |
---------------+-------------+-----
Dodging        | 4 |  4.7
Stealth        | 3 4 |  4.8
Short Blades   | 5 |  5.6
Fighting       | |  3.8
Throwing       | |  0.7

Action                   |  1- 3 |  4- 6 || total
-------------------------+-------+-------++-------
Melee: Short sword       |    88 |   191 ||   279
Throw: Dart              |     6 |    12 ||    18
  Use: Scroll            |     1 |     1 ||     2
       Potion            |       |     2 ||     2
 Stab: Sleeping          |     8 |    17 ||    25
       Distracted        |     1 |     1 ||     2
Armor: Robe              |     9 |    28 ||    37
Dodge: Dodged            |    48 |   124 ||   172
